 Dungeon Crawl Stone Soup version 0.23.1 (webtiles) character file.

Game seed: 1370108524310554588

40 PentaManta the Skirmisher (level 3, -6/26 HPs)
             Began as a Halfling Abyssal Knight on Mar 13, 2019.
             Was a Follower of Lugonu.
             Mangled by an orc warrior
             ... wielding a +0 war axe
              (17 damage)
             ... on level 3 of the Dungeon.
             The game lasted 00:04:19 (1112 turns).

PentaManta the Skirmisher (Halfling Abyssal Knight) Turns: 1112, Time: 00:04:20

Health: -6/26      AC:  4    Str: 14    XL:     3   Next: 72%
Magic:  4/4        EV: 13    Int: 15    God:    Lugonu [*.....]
Gold:   126        SH:  0    Dex: 13    Spells: 2/2 levels left

rFire    . . .     SeeInvis .   f - +0 hunting sling
rCold    . . .     Gourm    .   (shield restricted)
rNeg     . . .     Faith    .   b - +0 leather armour
rPois    .         Spirit   .   (no helmet)
rElec    .         Reflect  .   (no cloak)
rCorr    .         Harm     .   j - +0 pair of gloves
MR       .....                  (no boots)
Stlth    ..........             (no amulet)
HPRegen  0.08/turn              l - ring of attention (curse)
MPRegen  0.09/turn              (no ring)

@: brilliant
A: small, mutation resistance 1
a: Depart the Abyss, Renounce Religion


You were on level 3 of the Dungeon.
You worshipped Lugonu.
Lugonu was aware of your devotion.
You were hungry.

You visited 1 branch of the dungeon, and saw 3 of its levels.
You visited the Abyss 1 time.

You collected 126 gold pieces.

Inventory:

Hand Weapons
 a - a +1 short sword
 f - a +0 hunting sling (weapon)
Missiles
 g - 2 stones (quivered)
 n - 2 tomahawks
Armour
 b - a +0 leather armour (worn)
 j - a +0 pair of gloves (worn)
Jewellery
 l - a cursed ring of attention (left hand)
Scrolls
 e - 2 scrolls of immolation {unknown}
 i - 4 scrolls of amnesia {unknown}
 m - 2 scrolls of identify {unknown}
Potions
 d - a potion of curing
 h - a potion of brilliance
Comestibles
 c - 3 rations


   Skills:
 + Level 3.3 Fighting
 - Level 3.0 Short Blades
 + Level 2.5 Slings
 - Level 2.1 Armour
 - Level 1.1 Dodging
 - Level 2.0 Invocations


You had 2 spell levels left.
You didn't know any spells.
Your spell library was empty.

Dungeon Overview and Level Annotations

Branches:
Dungeon (3/15)

Altars:
Uskayaw

Annotations:
D:1 dig amulet


Innate Abilities, Weirdness & Mutations

You are small and have problems with some larger weapons.
You are somewhat resistant to further mutation.


Message History

You shoot a stone. The stone hits the orc warrior.
The orc warrior is lightly wounded.
The orc warrior hits you with a +0 war axe!
Ouch! That really hurt!
* * * LOW HITPOINT WARNING * * *
Okay, then.
As you read the scroll labeled LENLOH LOAROO, it crumbles to dust.
The scroll dissolves into smoke.
It was a scroll of fog.
You are feeling hungry.
The orc warrior barely misses you.
Found a spear.
A frilled lizard comes into view.
Found a stone staircase leading down.
Okay, then.
It was a potion of curing.
You feel better. The orc warrior closely misses you.
It was a potion of brilliance.
You feel clever all of a sudden.
The orc warrior hits you with a +0 war axe!
Ouch! That really hurt!
You die...

...§§ ...# .
###§§####§###....
...§§§§§§§.......
####§§###§###)...
##§# #.# .
#§###.# #§l##.#
##o##.# #.@#.#
##.#.# #.. ##)l
..# #.# >. ...


You could see an orc warrior, a leopard gecko and a frilled lizard.

Vanquished Creatures
  An adder (D:2)
  2 dart slugs (D:2)
  A leopard gecko (D:1)
  2 giant cockroaches (D:1)
  3 goblins (D:2)
  2 hobgoblins
  3 kobolds
  A quokka (D:2)
  6 bats
  2 frilled lizards (D:2)
  3 rats
26 creatures vanquished.

Notes
Turn   | Place    | Note
-------+----------+-------------------------------------------
     0 | Abyss:1  | PentaManta the Halfling Abyssal Knight began the quest for
                  | the Orb.
     0 | Abyss:1  | Reached XP level 1. HP: 15/15 MP: 2/2
    61 | Abyss:1  | Noticed a thrashing horror
    63 | D:1      | Escaped the Abyss
   303 | D:1      | Reached XP level 2. HP: 17/20 MP: 3/3
   396 | D:1      | Reached * piety under Lugonu
   521 | D:1      | Reached skill level 1 in Slings
   820 | D:2      | Reached XP level 3. HP: 25/26 MP: 4/4
   862 | D:2      | Found a hide-covered altar of Uskayaw.
  1088 | D:2      | Noticed an orc warrior
  1101 | D:3      | HP: 1/26 [orc warrior/+0 war axe (17)]
  1112 | D:3      | Mangled by an orc warrior

Skill      XL: |  1  2  3 |
---------------+----------+-----
Short Blades   | 3 |  3.0
Slings         | 1 2 |  2.5
Fighting       | 3 |  3.3
Armour         | |  2.1
Dodging        | |  1.1
Invocations    | |  2.0

Action                   || total
-------------------------++-------
Melee: Short sword       ||    27
 Fire: Hunting sling     ||    85
Invok: Depart the Abyss  ||     1
  Use: Potion            ||     2
       Scroll            ||     1
Armor: Leather armour    ||    21
Dodge: Dodged            ||    57
